 Dungeon Crawl Stone Soup version 0.32-a0-132-g2d33c3c (webtiles) character file.

Game seed: 13334490988697983389

1824 Dorkslayer the Ruffian (level 9, -15/55 HPs)
             Began as an Octopode Shapeshifter on Feb 9, 2024.
             Was an Initiate of Dithmenos.
             Killed from afar by a steam dragon (16 damage)
             ... with a ball of steam
             ... on level 7 of the Dungeon.
             The game lasted 00:12:16 (4721 turns).

Dorkslayer the Ruffian (Octopode Shapeshifter)      Turns: 4721, Time: 00:12:17

Health: -15/55     AC:  1    Str: 17    XL:     9   Next: 11%
Magic:  9/9        EV: 13    Int: 12    God:    Dithmenos [......]
Gold:   208        SH:  5    Dex: 12    Spells: 8/8 levels left

rFire   . . .        i - +0 war axe (vamp)
rCold   + . .        d - +1 buckler
rNeg    . . .        (helmet currently unavailable)
rPois   .            (no amulet)
rElec   .            n - ring of protection from cold
rCorr   .            (no ring)
SInv    .            (no ring)
Will    .....        (no ring)
Stlth   ++++         (no ring)
HPRegen 0.29/turn    (no ring)
MPRegen 0.11/turn    (no ring)
                     (no ring)

%: no passive effects
@: beast-form
A: beast (slay +2), almost no armour, amphibious, 8 rings, camouflage 1,
gelatinous body 1, (nimble swimmer 1), tentacles
a: Begin Untransformation, Renounce Religion


You were on level 7 of the Dungeon.
You worshipped Dithmenos.
Dithmenos was noncommittal.
You were a hulking beast.
You visited 2 branches of the dungeon, and saw 8 of its levels.

You collected 256 gold pieces.
You spent 48 gold pieces at shops.

Inventory:

Hand Weapons
 i - a +0 vampiric war axe (weapon)
 r - a +0 heavy hammer
Missiles
 j - a throwing net
 l - 6 boomerangs
 o - 4 javelins
 u - 3 curare-tipped darts (quivered)
Armour
 d - a +1 buckler (worn)
Jewellery
 n - a ring of protection from cold (left tentacle)
Talismans
 b - a beast talisman
 c - a flux talisman
 q - a blade talisman
Wands
 m - a wand of roots (8)
 s - a wand of flame (20)
Scrolls
 a - 3 scrolls of enchant armour
 k - 2 scrolls of immolation
 p - 3 scrolls of teleportation
 v - 2 scrolls of blinking
Potions
 e - 4 potions of curing
 f - a potion of enlightenment {unknown}
 g - a potion of brilliance {unknown}
 h - a potion of mutation {unknown}
 t - a potion of magic {unknown}


   Skills:
 + Level 2.4 Fighting
 + Level 3.1(3.8) Axes
 + Level 3.2(3.9) Maces & Flails
 + Level 0.3 Throwing
 * Level 3.9 Dodging
 + Level 6.1 Stealth
 * Level 3.3 Shields
 * Level 6.3 Unarmed Combat
 * Level 2.5 Evocations
 * Level 4.8 Shapeshifting


You had 8 spell levels left.
You didn't know any spells.
Your spell library contained the following spells:

 Spells                   Type           Power      Damage    Failure   Level
 Sandblast                Erth           0%         2d4       38%         1
 Summon Small Mammal      Summ           0%         N/A       38%         1
 Call Canine Familiar     Summ           0%         N/A       77%         3
 Passwall                 Erth           0%         N/A       77%         3
 Stone Arrow              Conj/Erth      0%         3d7       77%         3
 Brom's Barrelling Bould  Conj/Erth      0%         2d3       99%         4
 Summon Blazeheart Golem  Fire/Summ      0%         N/A       99%         4


Dungeon Overview and Level Annotations

Branches:
Dungeon (7/15)             Temple (1/1) D:6

Altars:
Ashenzari
Cheibriados
Dithmenos
Elyvilon
Fedhas
Gozag
Hepliaklqana
Kikubaaqudgha
Makhleb
Qazlal
Sif Muna
Vehumet
Wu Jian
Xom
Yredelemnul
Zin
The Shining One

Shops:
D:2 =   D:7 *

Annotations:
D:5 3 runed translucent doors, Wizard1ke's ghost, novice FoSu


Innate Abilities, Weirdness & Mutations

You are a hulking beast.
Your limbs bulge with bestial killing power. (Slay +2)
You cannot wear most types of armour.
You are amphibious.
You can wear up to eight rings at the same time.
Your skin changes colour to match your surroundings (Stealth+).
Your rubbery body absorbs attacks. (AC +1, EV +1)
((You are camouflaged when in or above water. (Stealth+)))
You have tentacles for arms and can constrict up to eight enemies at once.


Message History

The steam dragon is moderately wounded.
The steam dragon closely misses you. The steam dragon completely misses you.
You hit the steam dragon.
Your tentacle-slap misses the steam dragon.
You squeeze the steam dragon, but do no damage.
The steam dragon is moderately wounded.
The steam dragon barely misses you. x2
You hit the steam dragon. Your squeeze misses the steam dragon.
The steam dragon is heavily wounded.
The steam dragon breathes steam at you. The ball of steam misses you.
You hit the steam dragon.
The steam dragon is severely wounded.
You are engulfed in a cloud of scalding steam.
You block the steam dragon's attack. The steam dragon closely misses you.
The steam dragon bites you. The steam dragon claws you.
You closely miss the steam dragon.
Your tentacle-slap misses the steam dragon.
The steam dragon is severely wounded.
You are engulfed in a cloud of scalding steam.
The steam dragon barely misses you. You block the steam dragon's attack.
The steam dragon bites you! The steam dragon misses you.
The steam dragon breathes steam at you. The ball of steam misses you.
The steam dragon bites you!
* * * LOW HITPOINT WARNING * * *
The steam dragon claws you.
* * * LOW HITPOINT WARNING * * *
You hit the steam dragon. You squeeze the steam dragon.
The steam dragon is almost dead.
The steam dragon misses you. The steam dragon closely misses you.
You barely miss the steam dragon.
The steam dragon is almost dead.
The steam dragon breathes steam at you. The ball of steam hits you!
* * * LOW HITPOINT WARNING * * *
The steam dragon barely misses you. The steam dragon closely misses you.
The steam dragon breathes steam at you. The ball of steam hits you!
You die...

#.# ####.#. #.#
#....... ##.#######
........
#............######
#..#######.# . #..#
. #..# .. #..# ..
#.h# ... #D§# #..#
#..# #.... #.###.#
#§# # #.# #.#


You could see a steam dragon (catching breath).

Vanquished Creatures
  Jeremiah (D:6)
  Grinder (D:3)
  Edmund (D:6)
  A water moccasin (D:6)
  A sky beast (D:6)
  2 ogres (D:5)
  A centaur (D:6)
  The ghost of Dorkslayer the Trooper, an amateur OpFi (D:3)
  A phantom (D:6)
  3 scorpions
  A wyvern skeleton (D:3)
  A bombardier beetle (D:6)
  A hound (D:5)
  A jelly (D:6)
  An orc priest (D:5)
  Crazy Yiuf (D:3)
  4 iguanas
  An orc wizard (D:3)
  A killer bee zombie (D:3)
  A howler monkey zombie (D:3)
  4 adders
  A ribbon worm (D:5)
  2 dart slugs
  12 orcs
  6 bats
  6 endoplasms
  7 goblins
  6 hobgoblins
  8 jackals
  5 kobolds
  5 quokkas
  8 ball pythons
  3 frilled lizards
  3 rats
  A spectral goblin (D:1)
  A butterfly (D:6)
104 creatures vanquished.

Notes
Turn   | Place    | Note
-------+----------+-------------------------------------------
     0 | D:1      | Dorkslayer the Octopode Shapeshifter began the quest for
                  | the Orb.
     0 | D:1      | Reached XP level 1. HP: 13/13 MP: 1/1
    89 | D:1      | Reached XP level 2. HP: 14/18 MP: 2/2
   364 | D:1      | Reached skill level 1 in Stealth
   420 | D:1      | Found a faded altar of an unknown god.
   481 | D:1      | Reached XP level 3. HP: 23/23 MP: 3/3
   874 | D:2      | Found Pyidad's Jewellery Shop.
  1070 | D:2      | Found a glowing golden altar of the Shining One.
  1343 | D:3      | Reached XP level 4. HP: 28/28 MP: 4/4
  1567 | D:3      | Found a runed translucent gate.
  1568 | D:3      | Found a runed translucent gate.
  1569 | D:3      | Found a runed translucent gate.
  1570 | D:3      | Noticed Dorkslayer's ghost (amateur OpFi)
  1612 | D:3      | Found a runed translucent door.
  1719 | D:3      | Noticed Grinder
  1779 | D:3      | Killed Grinder
  1780 | D:3      | Reached skill level 5 in Unarmed Combat
  1780 | D:3      | Reached XP level 5. HP: 20/33 MP: 5/5
  1780 | D:3      | Reached XP level 6. HP: 23/38 MP: 6/6
  2354 | D:4      | Identified the +0 dagger of Puera {freeze, rCorr}
  2580 | D:5      | Entered Level 5 of the Dungeon
  2615 | D:5      | Reached skill level 1 in Shields
  2615 | D:5      | Reached XP level 7. HP: 28/43 MP: 7/7
  2709 | D:5      | Reached skill level 1 in Axes
  2709 | D:5      | Reached skill level 1 in Maces & Flails
  2709 | D:5      | Reached skill level 5 in Stealth
  2829 | D:3      | Killed Dorkslayer's ghost
  2831 | D:3      | Reached XP level 8. HP: 49/49 MP: 8/8
  2876 | D:3      | Noticed Crazy Yiuf
  2884 | D:3      | Killed Crazy Yiuf
  3197 | D:5      | Found a runed translucent gate.
  3197 | D:5      | Found a runed translucent gate.
  3198 | D:5      | Found a runed translucent gate.
  3340 | D:5      | Noticed Wizard1ke's ghost (novice FoSu)
  3597 | D:6      | Found a staircase to the Ecumenical Temple.
  3606 | Temple   | Entered the Ecumenical Temple
  3612 | Temple   | Became a worshipper of Dithmenos the Shadowed
  3653 | D:6      | Reached skill level 1 in Evocations
  3673 | D:6      | Identified the +3 leather armour "Iclef" {rPois Int+3}
  3840 | D:6      | Noticed Edmund
  3851 | D:6      | Killed Edmund
  3896 | D:6      | Found a shimmering altar of Xom.
  3968 | D:6      | Noticed Jeremiah
  3976 | D:6      | Killed Jeremiah
  4170 | D:6      | Reached XP level 9. HP: 54/54 MP: 9/9
  4680 | D:7      | Found Ciacouck's Commerce Corner.
  4685 | D:7      | Bought a potion of curing for 48 gold pieces
  4720 | D:7      | HP: 1/55 [steam dragon/ball of steam (12)]
  4721 | D:7      | Killed from afar by a steam dragon

Illustrated notes

Levels and vault maps discovered:
D:1:      dpeg_arrival_subterranean_lakeside_camping, layout_basic,
          dreamdust_ecumenical_altar_drowned_temple, hex_medium,
          minmay_misc_feat_five
D:2:      layout_rooms, basic_altar, serial_shops,
          nicolae_shop_just_a_little_nook, nicolae_elevator_lobby_plus
D:3:      layout_rooms, gammafunk_ghost_necromancy, grunt_decor_resistance,
          uniq_grinder, uniq_crazy_yiuf_cottage
D:4:      layout_loops_ring
D:5:      layout_rooms, gammafunk_ghost_split, grunt_ministairs_5
D:6:      layout_loops_ring, marbit_many_paths, minmay_temple_entry_butterflies,
          uniq_edmund, uniq_jeremiah
D:7:      hangedman_cross_stitches, layout_loops_ring, nicolae_alphabet_shops
Temple:   eino_temple_rhombus

Skill      XL: |  1  2  3  4  5  6  7  8  9 |
---------------+----------------------------+-----
Stealth        | 1 2 4 5 6 |  6.1
Unarmed Combat | 5 6 |  6.3
Shields        | 1 2 3 |  3.3
Dodging        | 3 |  3.9
Axes           | 2 3 |  3.1
Maces & Flails | 2 3 |  3.2
Shapeshifting  | 4 |  4.8
Evocations     | 2 |  2.5
Fighting       | 2 |  2.4
Throwing       | |  0.3

Action                     |  1- 3 |  4- 6 |  7- 9 || total
---------------------------+-------+-------+-------++-------
  Melee: Unarmed           |    67 |    35 |       ||   102
         Constrict         |    21 |    16 |    15 ||    52
         Tentacles         |    10 |    12 |    15 ||    37
         Punch             |       |     2 |     9 ||    11
         Mace              |       |    22 |    42 ||    64
         War axe           |       |       |    51 ||    51
  Throw: Javelin           |       |     3 |       ||     3
         Boomerang         |       |       |     3 ||     3
    Use: Scroll            |       |    12 |     3 ||    15
         Potion            |       |     3 |     3 ||     6
   Stab: Sleeping          |    16 |     8 |     8 ||    32
         Distracted        |       |       |     1 ||     1
 Armour: Skin              |    18 |    20 |    64 ||   102
  Dodge: Dodged            |    42 |    30 |    57 ||   129
  Block: Buckler           |       |    11 |    15 ||    26

Table legend: (Time is in decaauts)
 A = Elapsed time spent in this place.
 B = Non-inter-level travel time spent in this place.
 C = Inter-level travel time spent in this place.
 D = Time resting spent in this place.
 E = Time spent auto-exploring this place.
 F = Levels seen in this place.
 G = Mean time per level.
                   A        B        C        D        E       F      G
               +--------+--------+--------+--------+--------+-----+--------+
         Total |   4776 |   4776 |      0 |     17 |   2882 |   8 |  597.0 |
       Dungeon |   4763 |   4763 |      0 |     17 |   2882 |   7 |  680.4 |
        Temple |     12 |     12 |      0 |      0 |      0 |   1 |   12.0 |
               +--------+--------+--------+--------+--------+-----+--------+

Top non-repeatable levels by time:
     D:6: 1229 daAuts
     D:1: 863 daAuts
     D:3: 858 daAuts
     D:4: 685 daAuts
     D:5: 633 daAuts
     D:2: 449 daAuts
     D:7: 43 daAuts
  Temple: 12 daAuts
